 Dungeon Crawl Stone Soup version 0.28.0-53-g5a82cb258f (webtiles) character file.

Game seed: 8680631818205490440

111 Zeld the Skirmisher (level 4, 0/41 HPs)
             Began as a Minotaur Berserker on May 23, 2022.
             Was a Believer of Trog.
             Slain by Grinder (4 damage)
             ... on level 3 of the Dungeon.
             The game lasted 00:01:26 (2215 turns).

Zeld the Skirmisher (Minotaur Berserker)            Turns: 2215, Time: 00:01:27

Health: 0/41       AC:  3    Str: 24    XL:     4   Next: 62%
Magic:  3/3        EV: 12    Int:  4    God:    Trog [**....]
Gold:   24         SH:  0    Dex:  9    Spells: 3/3 levels left

rFire   . . .      SeeInvis .   a - +0 hand axe
rCold   . . .      Faith    .   (no shield)
rNeg    . . .      Spirit   .   b - +0 animal skin
rPois   .          Reflect  .   (helmet restricted)
rElec   .          Harm     .   (no cloak)
rCorr   .          Rampage  .   (no gloves)
Will    .....                   j - +0 pair of boots
Stlth   +.........              (no amulet)
HPRegen 0.13/turn               (no ring)
MPRegen 0.08/turn               (no ring)

@: no status effects
A: horns 2, retaliatory headbutt
a: Renounce Religion, Berserk, Trog's Hand


You were on level 3 of the Dungeon.
You worshipped Trog.
Trog was pleased with you.
You visited 1 branch of the dungeon, and saw 3 of its levels.

You collected 129 gold pieces.
You spent 105 gold pieces at shops.

Inventory:

Hand Weapons
 a - a +0 hand axe (weapon)
Armour
 b - a +0 animal skin (worn)
 j - a +0 pair of boots (worn)
Scrolls
 c - a scroll of amnesia {unknown}
 d - a scroll of teleportation {unknown}
 f - a scroll of immolation {unknown}
 g - 3 scrolls of identify {unknown}
 i - a scroll of vulnerability {unknown}
 l - a scroll of blinking {unknown}
Potions
 e - a potion of magic {unknown}
 h - 2 potions of lignification {unknown}
 k - 2 potions of brilliance {unknown}
 m - a potion of heal wounds {unknown}


   Skills:
 * Level 4.8 Fighting
 * Level 4.8 Axes
 + Level 3.2 Armour
 + Level 2.9 Dodging


You had 3 spell levels left.
You didn't know any spells.
Your spell library was empty.

Dungeon Overview and Level Annotations

Branches:
Dungeon (3/15)

Altars:
Nemelex Xobeh

Shops:
D:3 *

Annotations:
D:3 Grinder


Innate Abilities, Weirdness & Mutations

You have a pair of horns on your head.
You reflexively headbutt those who attack you in melee.


Message History

You kill the rat!
Trog accepts your kill.
No target in view!
No target in view!
You now have 24 gold pieces (gained 10).
Grinder comes into view.
Grinder shouts!
Grinder gestures at you. Pain shoots through your body!
Grinder is nearby!
Grinder gestures at you.
You suddenly lose the ability to move!
Grinder blinks!
Grinder gestures at you. Pain shoots through your body!
You can move again.
You hit Grinder. Your headbutt misses Grinder.
Grinder is lightly wounded.
Grinder closely misses you. You furiously retaliate!
You headbutt Grinder. You barely miss Grinder.
Grinder is lightly wounded.
Grinder hits you.
You writhe in agony.
You barely miss Grinder. You headbutt Grinder!
Grinder is moderately wounded.
Grinder hits you.
You writhe in agony.
You hit Grinder but do no damage. You headbutt Grinder.
Grinder is heavily wounded.
Grinder closely misses you.
You closely miss Grinder.
Grinder is heavily wounded.
Grinder gestures at you. Pain shoots through your body!
* * * LOW HITPOINT WARNING * * *
Unknown command.
You closely miss Grinder.
Grinder is heavily wounded.
Grinder hits you.
* * * LOW HITPOINT WARNING * * *
You writhe in agony.
You die...

#...............#.#
......####........#
..................#
#.#...####.##.....#
#.##..####.####.###
#..........# #.#
#.##..####.# #.# #
#.##.>####.####.##.###
...............5@....#
#####.####.####.##.#.#
#####......## #.. ..
...........(. ... .#
#.........#......# #
#.###....## ##.#.# #.#
###### #. .# #.# #.
#..


You could see Grinder.

Vanquished Creatures
  An orc wizard (D:3)
  2 gnolls (D:1)
  2 adders (D:3)
  A worm (D:2)
  A dart slug (D:2)
  4 orcs (D:3)
  4 endoplasms
  2 giant cockroaches
  2 goblins
  2 hobgoblins
  A quokka (D:2)
  4 ball pythons
  8 bats
  A frilled lizard (D:1)
  5 kobolds
  A rat (D:3)
41 creatures vanquished.

Vanquished Creatures (others)
  7 plants (D:1)
7 creatures vanquished.

Grand Total: 48 creatures vanquished

Notes
Turn   | Place    | Note
-------+----------+-------------------------------------------
     0 | D:1      | Zeld the Minotaur Berserker began the quest for the Orb.
     0 | D:1      | Reached XP level 1. HP: 19/19 MP: 0/0
   108 | D:1      | Reached XP level 2. HP: 14/27 MP: 1/1
   552 | D:1      | Reached XP level 3. HP: 26/33 MP: 2/2
  1403 | D:2      | Found a sparkling altar of Nemelex Xobeh.
  1521 | D:2      | Found a faded altar of an unknown god.
  1812 | D:3      | Reached XP level 4. HP: 29/41 MP: 3/3
  1814 | D:3      | Reached ** piety under Trog
  2022 | D:3      | Found Ogokubri's Assorted Antiques.
  2030 | D:3      | Bought a scroll labelled FIHAM OVVU for 22 gold pieces
  2030 | D:3      | Bought 2 silvery potions for 39 gold pieces
  2030 | D:3      | Bought a scroll labelled GOOTIN HOAG for 22 gold pieces
  2030 | D:3      | Bought a scroll labelled FIHAM OVVU for 22 gold pieces
  2203 | D:3      | Noticed Grinder
  2204 | D:3      | Paralysed by Grinder for 6 turns
  2215 | D:3      | Slain by Grinder

Illustrated notes

Levels and vault maps discovered:
D:1:      dpeg_arrival_circle_labyrinth_b, layout_basic, nicolae_grassy_gnolls
D:2:      layout_loops_ring, shapermc_ecumenical_altar_pompeii, basic_altar
D:3:      layout_basic, serial_shops, shop,
          wander_ebering_terrifying_dragon_lair, uniq_grinder

Skill      XL: |  1  2  3 |
---------------+----------+-----
Axes           | 4 |  4.8
Fighting       | 4 |  4.8
Armour         | 3 |  3.2
Dodging        | |  2.9

Action                   |  1- 3 |  4- 6 || total
-------------------------+-------+-------++-------
Melee: Hand axe          |    66 |    20 ||    86
       Headbutt          |    17 |     3 ||    20
Armor: Animal skin       |    15 |     5 ||    20
Dodge: Dodged            |    45 |    12 ||    57
